Panthers vs Stars

Created - 5 mars 2024 at 14:15

Goals
1 2 3 T
Panthers 3 1 0 4
Stars 0 3 0 3
Shots
1 2 3 T
Panthers 22 8 6 36
Stars 4 18 10 32

GoalsPenalties
1st period
1. Panthers , Kevin Labanc 9 (Michael Matheson 26, Garnet Hathaway 14) at 7:26
2. Panthers , Rocco Grimaldi 8 (Mike Hoffman 26, Andrew Peeke 15) at 16:30
3. Panthers , Anthony Cirelli 10 (Teuvo Teravainen 30, Vincent Trocheck 39) at 16:40 (PP)
Sam Lafferty (DAL) for Holding (Minor) at 1:47
Mikko Rantanen (DAL) for Hooking (Minor) at 16:37
2nd period
4. Panthers , Kevin Labanc 10 (Garnet Hathaway 15) at 4:56
5. Stars , Ryan Strome 13 (Corey Perry 10, John Klingberg 18) at 7:36
6. Stars , Mikko Rantanen 21 (Gabriel Landeskog 22) at 7:42
7. Stars , Anders Lee 10 (Mikko Rantanen 35, Gabriel Landeskog 23) at 10:43
Anthony Cirelli (FLA) for Holding (Minor) at 16:56
3rd period
No Goal
Gabriel Landeskog (DAL) for Slashing (Minor) at 12:36
Marcus Foligno (FLA) for Slashing (Minor) at 14:55
Goalie Stats
Antti Raanta (FLA), 29 saves from 32 shots - (0,906), W, 29-10-2, 60:00 minutes
Tristan Jarry (DAL), 32 saves from 36 shots - (0,889), L, 21-18-7, 60:00 minutes
3 StarsOfficial
1 - Kevin Labanc (FLA)
2 - Garnet Hathaway (FLA)
3 - Rocco Grimaldi (FLA)
Referees : Beaudry Halkidis and Shaun Davis
Linesman : Shaun Morgan and Ryan Gibbons
Game Note
No Game Note
Finance
Level 1 -- Attendance: 3932 (65,53%) -- Ticket Income $452,180
Level 2 -- Attendance: 3319 (66,38%) -- Ticket Income $248,925
Level 3 -- Attendance: 1616 (80,80%) -- Ticket Income $72,720
Level 4 -- Attendance: 2486 (62,15%) -- Ticket Income $74,580
Luxury Box -- Attendance: 678 (67,80%) -- Ticket Income $149,160
Game was played at the Dallas Arena.
Total Attendance: 12031 (66,84%)
Total Ticket Income: $997,565
Other Income: $488,807
Total Income: $1,486,372



Team Name Goals Shots Shots Attemp Shots Blocked PIM HIT PP PK FO%
Panthers 43658184171 / 3 (33%)058%
Stars 3326686300 / 2 (0%)142%

Panthers
Player Name POS G A P +/- PIM HIT SHT SB MP PP MP PP SHT PK MP PK SHT FO% FOT GA TA
Andrew PeekeD0113002322:431:4801:5500% 001
Anthony CirelliC/LW/RW101-1201118:332:0410:52050% 200
Garnet HathawayC/LW/RW022301007:590:0000:4500% 200
J.J. MoserD000-1010016:140:0000:0000% 001
Jamie OleksiakD000-2020321:032:1302:0300% 001
Jonas SiegenthalerD000-1020016:140:0000:0000% 001
Kevin LabancLW/RW202300517:300:0000:1600% 000
Marcus FolignoLW0000220014:430:0000:0000% 300
Mats ZuccarelloLW/RW000-2003217:051:5700:0000% 110
Michael MathesonD0113011323:392:1302:0300% 000
Mike HoffmanC/RW0110003113:370:0000:0000% 010
Rocco GrimaldiC/LW/RW101300417:140:0000:0000% 000
Ross ColtonC/LW/RW0000026013:370:0000:00033% 601
Sidney CrosbyC000-2002020:131:5702:05171% 1420
Taylor HallC/LW000-2030117:051:5700:0000% 100
Teuvo TeravainenC/LW/RW011-1014019:532:0412:0510% 302
Tyson BarrieD000-2012120:071:4801:5500% 000
Vincent TrocheckC/LW/RW011-1013118:312:0401:53079% 2801
Stars
Player Name POS G A P +/- PIM HIT SHT SB MP PP MP PP SHT PK MP PK SHT FO% FOT GA TA
Anders LeeC/LW1012001017:471:3500:0000% 100
Brayden SchennC/LW/RW0000043016:442:2301:1900% 000
Cam AtkinsonLW/RW0000003016:361:3501:2100% 020
Corey PerryRW0110011012:220:0000:0000% 001
Dylan StromeC/LW0000022014:211:3500:00050% 1010
Gabriel LandeskogC/LW0222224018:352:2310:00028% 2900
Jacob PetersonC/LW000-2013010:030:0000:160100% 110
John KlingbergD0111021118:361:1200:0000% 000
Marc StaalD000-1031020:462:4601:5400% 000
Matt GrzelcykD0003011225:180:0002:0700% 001
Mike ReillyD000-2010013:561:1200:0000% 000
Mikko RantanenC/LW/RW1122231019:272:2300:0000% 110
Nick BoninoC/LW/RW000-2004111:280:0001:56067% 310
Patrik NemethD0000021319:570:0002:0700% 000
Rafael Harvey-PinardLW0000011013:270:0001:0500% 000
Ryan StromeC/LW/RW1010033014:200:0001:05056% 920
Sam LaffertyC/LW/RW000-2221010:460:0001:00067% 600
Thomas ChabotD000-1021121:272:4601:5400% 002

Panthers

5 vs 5 Forward
Line #Left WingCenterRight WingPHYDFOFWanted %Time %Time Play
1Taylor HallSidney CrosbyMats Zuccarello0233130%15:08
2Anthony CirelliVincent TrocheckTeuvo Teravainen0233130%15:08
3Marcus FolignoRoss ColtonMike Hoffman0232927%13:37
4Kevin LabancGarnet HathawayRocco Grimaldi023914%7:14
5 vs 5 Defense
Line #DefenseDefensePHYDFOFWanted %Time %Time Play
1Michael MathesonAndrew Peeke0233232%16:13
2Jamie OleksiakTyson Barrie0233232%16:16
3J.J. MoserJonas Siegenthaler0233132%16:14
4Michael MathesonAndrew Peeke03255%2:24
Power Play Forward
Line #Left WingCenterRight WingPHYDFOFWanted %Time %Time Play
1Taylor HallSidney CrosbyMats Zuccarello0235049%1:57
2Teuvo TeravainenVincent TrocheckAnthony Cirelli0235051%2:04
Power Play Defense
Line #DefenseDefensePHYDFOFWanted %Time %Time Play
1Michael MathesonJamie Oleksiak0235055%2:13
2Tyson BarrieAndrew Peeke0235045%1:48
Penalty Kill 4 Players Forward
Line #CenterWingPHYDFOFWanted %Time %Time Play
1Vincent TrocheckAnthony Cirelli0235047%1:53
2Sidney CrosbyTeuvo Teravainen0235053%2:05
Penalty Kill 4 Players Defense
Line #DefenseDefensePHYDFOFWanted %Time %Time Play
1Michael MathesonJamie Oleksiak0325052%2:03
2Tyson BarrieAndrew Peeke0325048%1:55
Penalty Kill 3 Players
Line #WingPHYDFOFWanted %Time %Time PlayDefenseDefensePHYDFOFWanted %Time %Time Play
1Vincent Trocheck023500%0:00 Michael MathesonJamie Oleksiak032500%0:00
2Anthony Cirelli023500%0:00 Tyson BarrieAndrew Peeke032500%0:00
4 vs 4 Forward
Line #CenterWingPHYDFOFWanted %Time %Time Play
1Sidney CrosbyMats Zuccarello023500%0:00
2Vincent TrocheckTeuvo Teravainen023500%0:00
4 vs 4 Defense
Line #DefensePHYDFOFWanted %Time %Time Play
1Michael MathesonJamie Oleksiak023500%0:00
2Tyson BarrieAndrew Peeke032500%0:00
Last Minutes Offensive
Left WingCenterRight WingDefenseDefense
Vincent TrocheckSidney CrosbyMats ZuccarelloMichael MathesonJamie Oleksiak
Last Minutes Defensive
Left WingCenterRight WingDefenseDefense
Teuvo TeravainenVincent TrocheckAnthony CirelliMichael MathesonJamie Oleksiak
Time
Total ForwardTotal DefenseLast Minutes OffensiveLast Minutes Defensive
60:00 60:00 0:000:54
Extra Forwards
Normal PowerPlayPenalty Kill
Marcus Foligno, Kevin Labanc, Rocco GrimaldiMarcus Foligno, Ross ColtonGarnet Hathaway
Extra Defensemen
Normal PowerPlayPenalty Kill
Jamie Oleksiak, Jonas Siegenthaler, Tyson BarrieJonas Siegenthaler, J.J. MoserJonas Siegenthaler
Penalty Shots
Sidney Crosby, Vincent Trocheck, Taylor Hall, Mats Zuccarello, Teuvo Teravainen
Goalie
Antti Raanta, Kevin Lankinen
Custom OT Lines Forwards
Sidney Crosby, Vincent Trocheck, Mats Zuccarello, Taylor Hall, Anthony Cirelli, Teuvo Teravainen, Mike Hoffman, Marcus Foligno, Ross Colton, Garnet Hathaway
Custom OT Lines Defensemen
Michael Matheson, Jamie Oleksiak, Tyson Barrie, J.J. Moser, Andrew Peeke
Scratches
Patrick Brown (Healthy), Ville Husso (Healthy)

Stars

5 vs 5 Forward
Line #Left WingCenterRight WingPHYDFOFWanted %Time %Time Play
1Anders LeeGabriel LandeskogMikko Rantanen0143332%16:28
2Cam AtkinsonDylan StromeBrayden Schenn0142525%12:46
3Rafael Harvey-PinardRyan StromeCorey Perry0232224%12:22
4Jacob PetersonSam LaffertyNick Bonino0232019%9:32
5 vs 5 Defense
Line #DefenseDefensePHYDFOFWanted %Time %Time Play
1Thomas ChabotMarc Staal1313233%16:50
2Patrik NemethMatt Grzelcyk1313033%16:57
3Mike ReillyJohn Klingberg1312323%12:00
4John KlingbergMatt Grzelcyk1311510%5:21
Power Play Forward
Line #Left WingCenterRight WingPHYDFOFWanted %Time %Time Play
1Brayden SchennGabriel LandeskogMikko Rantanen0056060%2:23
2Anders LeeDylan StromeCam Atkinson0054040%1:35
Power Play Defense
Line #DefenseDefensePHYDFOFWanted %Time %Time Play
1Thomas ChabotMarc Staal0146070%2:46
2John KlingbergMike Reilly0144030%1:12
Penalty Kill 4 Players Forward
Line #CenterWingPHYDFOFWanted %Time %Time Play
1Nick BoninoSam Lafferty0506073%2:56
2Ryan StromeRafael Harvey-Pinard0504027%1:05
Penalty Kill 4 Players Defense
Line #DefenseDefensePHYDFOFWanted %Time %Time Play
1Matt GrzelcykPatrik Nemeth1406053%2:07
2Thomas ChabotMarc Staal1404047%1:54
Penalty Kill 3 Players
Line #WingPHYDFOFWanted %Time %Time PlayDefenseDefensePHYDFOFWanted %Time %Time Play
1Sam Lafferty122600%0:00 Thomas ChabotMatt Grzelcyk122600%0:00
2Ryan Strome122400%0:00 Patrik NemethMike Reilly122400%0:00
4 vs 4 Forward
Line #CenterWingPHYDFOFWanted %Time %Time Play
1Ryan StromeMikko Rantanen122600%0:00
2Dylan StromeAnders Lee122400%0:00
4 vs 4 Defense
Line #DefensePHYDFOFWanted %Time %Time Play
1Matt GrzelcykMike Reilly122600%0:00
2Thomas ChabotPatrik Nemeth122400%0:00
Last Minutes Offensive
Left WingCenterRight WingDefenseDefense
Mikko RantanenRyan StromeCam AtkinsonMike ReillyThomas Chabot
Last Minutes Defensive
Left WingCenterRight WingDefenseDefense
Anders LeeSam LaffertyBrayden SchennPatrik NemethMatt Grzelcyk
Time
Total ForwardTotal DefenseLast Minutes OffensiveLast Minutes Defensive
60:00 60:00 0:530:00
Extra Forwards
Normal PowerPlayPenalty Kill
Anders Lee, Dylan Strome, Ryan StromeRafael Harvey-Pinard, Jacob PetersonCam Atkinson
Extra Defensemen
Normal PowerPlayPenalty Kill
Patrik Nemeth, Matt Grzelcyk, Thomas ChabotJohn Klingberg, Matt GrzelcykThomas Chabot
Penalty Shots
Mikko Rantanen, Jacob Peterson, Nick Bonino, Gabriel Landeskog, Cam Atkinson
Goalie
Tristan Jarry, Karel Vejmelka
Custom OT Lines Forwards
Mikko Rantanen, Cam Atkinson, Dylan Strome, Ryan Strome, Anders Lee, Gabriel Landeskog, Corey Perry, Sam Lafferty, Rafael Harvey-Pinard, Jacob Peterson
Custom OT Lines Defensemen
Thomas Chabot, Mike Reilly, Patrik Nemeth, Matt Grzelcyk, John Klingberg
Scratches
Alex Galchenyuk (Healthy), Brad Hunt (Healthy), Colin Blackwell (Healthy)


Play-by-Play

1st period


0:01 of 1st period - Gabriel Landeskog wins face-off versus Mats Zuccarello in neutral zone.
0:26 of 1st period - Anthony Cirelli is hit by Thomas Chabot and loses puck.
0:35 of 1st period - Slapshot by Dylan Strome.
0:35 of 1st period - Shot Blocked by Vincent Trocheck.
0:37 of 1st period - Slapshot by Thomas Chabot.
0:37 of 1st period - Shot Blocked by Andrew Peeke.
0:44 of 1st period - Icing by Anthony Cirelli.
0:45 of 1st period - Vincent Trocheck wins face-off versus Ryan Strome in Panthers zone.
0:56 of 1st period - Snap shot by Ross Colton.
0:56 of 1st period - Stopped by Tristan Jarry with a rebound.
0:58 of 1st period - Snap shot by Andrew Peeke.
0:58 of 1st period - Shot Blocked by Patrik Nemeth.
1:16 of 1st period - Snap shot by Sam Lafferty.
1:16 of 1st period - Deflect By Nick Bonino.
1:16 of 1st period - Stopped by Antti Raanta without a rebound.
1:17 of 1st period - Sidney Crosby wins face-off versus Gabriel Landeskog in Panthers zone.
1:47 of 1st period - Minor Penalty to Sam Lafferty for Holding.
1:48 of 1st period - Nick Bonino wins face-off versus Sidney Crosby in Stars zone.
2:15 of 1st period - Rafael Harvey-Pinard is hit by Jamie Oleksiak.
2:27 of 1st period - Teuvo Teravainen is hit by Marc Staal and loses puck.
3:44 of 1st period - Taylor Hall is hit by Jacob Peterson and loses puck.
3:47 of 1st period - Penalty to Sam Lafferty is over, Sam Lafferty is back on ice.
4:31 of 1st period - Slapshot by Rocco Grimaldi.
4:31 of 1st period - Stopped by Tristan Jarry with a rebound.
4:49 of 1st period - Snap shot by Rocco Grimaldi.
4:49 of 1st period - Stopped by Tristan Jarry without a rebound.
4:50 of 1st period - Vincent Trocheck wins face-off versus Sam Lafferty in Stars zone.
4:55 of 1st period - Snap shot by Vincent Trocheck.
4:55 of 1st period - Stopped by Tristan Jarry without a rebound.
4:56 of 1st period - Vincent Trocheck wins face-off versus Dylan Strome in Stars zone.
5:24 of 1st period - Backhand shot by Sidney Crosby.
5:24 of 1st period - Shot Hit the Post.
5:42 of 1st period - Snap shot by Mike Hoffman.
5:42 of 1st period - Shot Misses the Net.
5:50 of 1st period - Jonas Siegenthaler is hit by Patrik Nemeth.
6:07 of 1st period - Icing by Matt Grzelcyk.
6:08 of 1st period - Vincent Trocheck wins face-off versus Gabriel Landeskog in Stars zone.
6:09 of 1st period - Backhand shot by Teuvo Teravainen.
6:09 of 1st period - Stopped by Tristan Jarry without a rebound.
6:10 of 1st period - Dylan Strome wins face-off versus Vincent Trocheck in Stars zone.
6:17 of 1st period - Slapshot by Brayden Schenn.
6:17 of 1st period - Stopped by Antti Raanta with a rebound.
6:47 of 1st period - Slapshot by Sidney Crosby.
6:47 of 1st period - Shot Blocked by Matt Grzelcyk.
7:17 of 1st period - Rafael Harvey-Pinard is hit by Garnet Hathaway and loses puck.
7:22 of 1st period - Snap shot by Kevin Labanc.
7:22 of 1st period - Stopped by Tristan Jarry with a rebound.
7:24 of 1st period - Wrist shot by Garnet Hathaway.
7:24 of 1st period - Shot Misses the Net.
7:26 of 1st period - Slapshot by Michael Matheson.
7:26 of 1st period - Deflect By Kevin Labanc.
7:26 of 1st period - Goal by Kevin Labanc - Panthers : 1 - Stars : 0.
7:27 of 1st period - Dylan Strome wins face-off versus Teuvo Teravainen in neutral zone.
8:44 of 1st period - Backhand shot by Ross Colton.
8:44 of 1st period - Stopped by Tristan Jarry with a rebound.
8:46 of 1st period - Slapshot by Michael Matheson.
8:46 of 1st period - Shot Misses the Net.
9:02 of 1st period - Wrist shot by Brayden Schenn.
9:02 of 1st period - Deflect By Cam Atkinson.
9:02 of 1st period - Shot Misses the Net.
9:02 of 1st period - Puck is out of play.
9:03 of 1st period - Sidney Crosby wins face-off versus Dylan Strome in Panthers zone.
9:03 of 1st period - Sidney Crosby is hit by Brayden Schenn.
10:05 of 1st period - Marc Staal is hit by Taylor Hall and loses puck.
10:32 of 1st period - Wrist shot by Rafael Harvey-Pinard.
10:32 of 1st period - Stopped by Antti Raanta without a rebound.
10:33 of 1st period - Vincent Trocheck wins face-off versus Gabriel Landeskog in Panthers zone.
11:00 of 1st period - Sam Lafferty is hit by Taylor Hall and loses puck.
11:45 of 1st period - Slapshot by Kevin Labanc.
11:45 of 1st period - Shot Blocked by Patrik Nemeth.
12:27 of 1st period - Off-side.
12:28 of 1st period - Sam Lafferty wins face-off versus Ross Colton in neutral zone.
12:37 of 1st period - Jacob Peterson is hit by Marcus Foligno and loses puck.
12:44 of 1st period - Snap shot by Ross Colton.
12:44 of 1st period - Stopped by Tristan Jarry with a rebound.
12:56 of 1st period - Snap shot by Anders Lee.
12:56 of 1st period - Shot Misses the Net.
13:02 of 1st period - Wrist shot by Gabriel Landeskog.
13:02 of 1st period - Stopped by Antti Raanta with a rebound.
13:24 of 1st period - Wrist shot by Ryan Strome.
13:24 of 1st period - Shot Blocked by Jamie Oleksiak.
13:32 of 1st period - Wrist shot by Sidney Crosby.
13:32 of 1st period - Deflect By Mats Zuccarello.
13:32 of 1st period - Stopped by Tristan Jarry without a rebound.
13:33 of 1st period - Vincent Trocheck wins face-off versus Dylan Strome in Stars zone.
13:38 of 1st period - Snap shot by Vincent Trocheck.
13:38 of 1st period - Shot Misses the Net.
13:40 of 1st period - Slapshot by Michael Matheson.
13:40 of 1st period - Stopped by Tristan Jarry with a rebound.
13:42 of 1st period - Slapshot by Andrew Peeke.
13:42 of 1st period - Shot Blocked by Patrik Nemeth.
13:44 of 1st period - Slapshot by Andrew Peeke.
13:44 of 1st period - Stopped by Tristan Jarry with a rebound.
14:25 of 1st period - Snap shot by Ross Colton.
14:25 of 1st period - Shot Misses the Net.
14:27 of 1st period - Snap shot by Mike Hoffman.
14:27 of 1st period - Shot Blocked by John Klingberg.
14:29 of 1st period - Wrist shot by Andrew Peeke.
14:29 of 1st period - Deflect By Rafael Harvey-Pinard.
14:29 of 1st period - Stopped by Tristan Jarry with a rebound.
14:31 of 1st period - Snap shot by Ross Colton.
14:31 of 1st period - Stopped by Tristan Jarry without a rebound.
14:32 of 1st period - Sam Lafferty wins face-off versus Teuvo Teravainen in Stars zone.
14:59 of 1st period - J.J. Moser is hit by Mikko Rantanen and loses puck.
15:04 of 1st period - Wrist shot by Gabriel Landeskog.
15:04 of 1st period - Deflect By Mikko Rantanen.
15:04 of 1st period - Shot Blocked by Taylor Hall.
15:04 of 1st period - Puck is out of play.
15:05 of 1st period - Ross Colton wins face-off versus Gabriel Landeskog in Panthers zone.
15:10 of 1st period - Snap shot by Ross Colton.
15:10 of 1st period - Stopped by Tristan Jarry with a rebound.
15:12 of 1st period - Wrist shot by Marcus Foligno.
15:12 of 1st period - Shot Misses the Net.
15:16 of 1st period - Snap shot by Mike Hoffman.
15:16 of 1st period - Stopped by Tristan Jarry without a rebound.
15:17 of 1st period - Vincent Trocheck wins face-off versus Gabriel Landeskog in Stars zone.
15:51 of 1st period - Mats Zuccarello is hit by Rafael Harvey-Pinard and loses puck.
16:10 of 1st period - Wrist shot by Ross Colton.
16:10 of 1st period - Stopped by Tristan Jarry with a rebound.
16:30 of 1st period - Slapshot by Rocco Grimaldi.
16:30 of 1st period - Goal by Rocco Grimaldi - Panthers : 2 - Stars : 0.
16:31 of 1st period - Vincent Trocheck wins face-off versus Gabriel Landeskog in neutral zone.
16:37 of 1st period - Minor Penalty to Mikko Rantanen for Hooking.
16:38 of 1st period - Vincent Trocheck wins face-off versus Nick Bonino in Stars zone.
16:38 of 1st period - Snap shot by Teuvo Teravainen.
16:38 of 1st period - Stopped by Tristan Jarry with a rebound.
16:40 of 1st period - Slapshot by Anthony Cirelli.
16:40 of 1st period - Goal by Anthony Cirelli - Panthers : 3 - Stars : 0.
16:41 of 1st period - Vincent Trocheck wins face-off versus Gabriel Landeskog in neutral zone.
17:06 of 1st period - John Klingberg is hit by Jonas Siegenthaler and loses puck.
18:12 of 1st period - Snap shot by Gabriel Landeskog.
18:12 of 1st period - Shot Blocked by Andrew Peeke.
18:30 of 1st period - J.J. Moser is hit by Ryan Strome.
18:40 of 1st period - Wrist shot by Kevin Labanc.
18:40 of 1st period - Shot Misses the Net.
18:50 of 1st period - Sam Lafferty is hit by Marcus Foligno and loses puck.
18:55 of 1st period - Wrist shot by Mike Hoffman.
18:55 of 1st period - Stopped by Tristan Jarry without a rebound.
18:56 of 1st period - Vincent Trocheck wins face-off versus Gabriel Landeskog in Stars zone.
18:57 of 1st period - Slapshot by Teuvo Teravainen.
18:57 of 1st period - Stopped by Tristan Jarry without a rebound.
18:58 of 1st period - Vincent Trocheck wins face-off versus Gabriel Landeskog in Stars zone.
19:23 of 1st period - Mats Zuccarello is hit by John Klingberg and loses puck.
Goals for this period are 3 for Panthers vs 0 for Stars.
Shots for this period are 22 for Panthers vs 4 for Stars.

2nd period


0:01 of 2nd period - Vincent Trocheck wins face-off versus Gabriel Landeskog in neutral zone.
0:12 of 2nd period - Wrist shot by Teuvo Teravainen.
0:12 of 2nd period - Shot Misses the Net.
0:52 of 2nd period - Michael Matheson is hit by Sam Lafferty.
1:08 of 2nd period - Wrist shot by Kevin Labanc.
1:08 of 2nd period - Stopped by Tristan Jarry without a rebound.
1:09 of 2nd period - Ryan Strome wins face-off versus Garnet Hathaway in Stars zone.
1:14 of 2nd period - Wrist shot by Corey Perry.
1:14 of 2nd period - Shot Misses the Net.
2:18 of 2nd period - Slapshot by Dylan Strome.
2:18 of 2nd period - Stopped by Antti Raanta without a rebound.
2:19 of 2nd period - Dylan Strome wins face-off versus Marcus Foligno in Panthers zone.
2:43 of 2nd period - Mike Hoffman is hit by Brayden Schenn and loses puck.
3:19 of 2nd period - Marcus Foligno is hit by Brayden Schenn and loses puck.
3:56 of 2nd period - Wrist shot by Dylan Strome.
3:56 of 2nd period - Stopped by Antti Raanta without a rebound.
3:57 of 2nd period - Gabriel Landeskog wins face-off versus Vincent Trocheck in Panthers zone.
4:00 of 2nd period - Snap shot by Gabriel Landeskog.
4:00 of 2nd period - Stopped by Antti Raanta without a rebound.
4:01 of 2nd period - Vincent Trocheck wins face-off versus Gabriel Landeskog in Panthers zone.
4:56 of 2nd period - Wrist shot by Kevin Labanc.
4:56 of 2nd period - Goal by Kevin Labanc - Panthers : 4 - Stars : 0.
4:57 of 2nd period - Gabriel Landeskog wins face-off versus Vincent Trocheck in neutral zone.
5:00 of 2nd period - Snap shot by Mikko Rantanen.
5:00 of 2nd period - Deflect By Gabriel Landeskog.
5:00 of 2nd period - Shot Misses the Net.
5:00 of 2nd period - Puck is out of play.
5:01 of 2nd period - Vincent Trocheck wins face-off versus Gabriel Landeskog in Panthers zone.
5:01 of 2nd period - Vincent Trocheck is hit by Mikko Rantanen.
5:06 of 2nd period - Michael Matheson is hit by Gabriel Landeskog and loses puck.
5:13 of 2nd period - Slapshot by Gabriel Landeskog.
5:13 of 2nd period - Stopped by Antti Raanta without a rebound.
5:14 of 2nd period - Sidney Crosby wins face-off versus Gabriel Landeskog in Panthers zone.
5:41 of 2nd period - Gabriel Landeskog is hit by Ross Colton.
5:50 of 2nd period - Patrik Nemeth is hit by J.J. Moser and loses puck.
6:12 of 2nd period - Wrist shot by Vincent Trocheck.
6:12 of 2nd period - Stopped by Tristan Jarry without a rebound.
6:13 of 2nd period - Ryan Strome wins face-off versus Taylor Hall in Stars zone.
6:39 of 2nd period - Michael Matheson is hit by Thomas Chabot and loses puck.
6:48 of 2nd period - Wrist shot by Nick Bonino.
6:48 of 2nd period - Stopped by Antti Raanta with a rebound.
7:04 of 2nd period - Slapshot by Dylan Strome.
7:04 of 2nd period - Shot Blocked by Michael Matheson.
7:06 of 2nd period - Slapshot by Dylan Strome.
7:06 of 2nd period - Shot Blocked by Mike Hoffman.
7:22 of 2nd period - Snap shot by Kevin Labanc.
7:22 of 2nd period - Shot Misses the Net.
7:24 of 2nd period - Wrist shot by Kevin Labanc.
7:24 of 2nd period - Stopped by Tristan Jarry with a rebound.
7:26 of 2nd period - Wrist shot by Rocco Grimaldi.
7:26 of 2nd period - Stopped by Tristan Jarry without a rebound.
7:27 of 2nd period - Ryan Strome wins face-off versus Sidney Crosby in Stars zone.
7:36 of 2nd period - Snap shot by Ryan Strome.
7:36 of 2nd period - Goal by Ryan Strome - Panthers : 4 - Stars : 1.
7:37 of 2nd period - Gabriel Landeskog wins face-off versus Sidney Crosby in neutral zone.
7:40 of 2nd period - Slapshot by Gabriel Landeskog.
7:40 of 2nd period - Shot Blocked by Tyson Barrie.
7:42 of 2nd period - Snap shot by Mikko Rantanen.
7:42 of 2nd period - Goal by Mikko Rantanen - Panthers : 4 - Stars : 2.
7:43 of 2nd period - Vincent Trocheck wins face-off versus Mikko Rantanen in neutral zone.
8:12 of 2nd period - Backhand shot by Jacob Peterson.
8:12 of 2nd period - Stopped by Antti Raanta with a rebound.
8:14 of 2nd period - Snap shot by Marc Staal.
8:14 of 2nd period - Shot Blocked by Jamie Oleksiak.
8:16 of 2nd period - Snap shot by Nick Bonino.
8:16 of 2nd period - Shot Misses the Net.
8:18 of 2nd period - Snap shot by Nick Bonino.
8:18 of 2nd period - Shot Misses the Net.
8:20 of 2nd period - Slapshot by Marc Staal.
8:20 of 2nd period - Stopped by Antti Raanta without a rebound.
8:21 of 2nd period - Sidney Crosby wins face-off versus Ryan Strome in Panthers zone.
8:37 of 2nd period - Snap shot by Ryan Strome.
8:37 of 2nd period - Stopped by Antti Raanta with a rebound.
8:47 of 2nd period - Gabriel Landeskog is hit by Jonas Siegenthaler.
9:15 of 2nd period - Snap shot by Ross Colton.
9:15 of 2nd period - Shot Blocked by Matt Grzelcyk.
9:29 of 2nd period - Snap shot by Brayden Schenn.
9:29 of 2nd period - Stopped by Antti Raanta with a rebound.
9:31 of 2nd period - Snap shot by Sam Lafferty.
9:31 of 2nd period - Shot Misses the Net.
9:33 of 2nd period - Wrist shot by Jacob Peterson.
9:33 of 2nd period - Shot Blocked by Kevin Labanc.
9:35 of 2nd period - Slapshot by Patrik Nemeth.
9:35 of 2nd period - Stopped by Antti Raanta with a rebound.
9:37 of 2nd period - Wrist shot by Nick Bonino.
9:37 of 2nd period - Shot Blocked by Jamie Oleksiak.
9:39 of 2nd period - Slapshot by Patrik Nemeth.
9:39 of 2nd period - Shot Blocked by Rocco Grimaldi.
9:41 of 2nd period - Wrist shot by Jacob Peterson.
9:41 of 2nd period - Stopped by Antti Raanta with a rebound.
9:57 of 2nd period - Slapshot by Sidney Crosby.
9:57 of 2nd period - Stopped by Tristan Jarry with a rebound.
9:59 of 2nd period - Slapshot by Tyson Barrie.
9:59 of 2nd period - Stopped by Tristan Jarry with a rebound.
10:23 of 2nd period - Wrist shot by Mikko Rantanen.
10:23 of 2nd period - Deflect By Anders Lee.
10:23 of 2nd period - Shot Misses the Net.
10:23 of 2nd period - Puck is out of play.
10:24 of 2nd period - Sam Lafferty wins face-off versus Sidney Crosby in Panthers zone.
10:27 of 2nd period - Snap shot by Thomas Chabot.
10:27 of 2nd period - Stopped by Antti Raanta without a rebound.
10:28 of 2nd period - Sidney Crosby wins face-off versus Sam Lafferty in Panthers zone.
10:37 of 2nd period - Wrist shot by Mats Zuccarello.
10:37 of 2nd period - Deflect By Sidney Crosby.
10:37 of 2nd period - Shot Blocked by Thomas Chabot.
10:37 of 2nd period - Puck is out of play.
10:38 of 2nd period - Gabriel Landeskog wins face-off versus Vincent Trocheck in Stars zone.
10:43 of 2nd period - Snap shot by Anders Lee.
10:43 of 2nd period - Goal by Anders Lee - Panthers : 4 - Stars : 3.
10:44 of 2nd period - Vincent Trocheck wins face-off versus Gabriel Landeskog in neutral zone.
12:07 of 2nd period - Slapshot by Dylan Strome.
12:07 of 2nd period - Shot Misses the Net.
12:43 of 2nd period - Wrist shot by Ryan Strome.
12:43 of 2nd period - Shot Misses the Net.
12:45 of 2nd period - Snap shot by Ryan Strome.
12:45 of 2nd period - Deflect By Sidney Crosby.
12:45 of 2nd period - Stopped by Antti Raanta without a rebound.
12:46 of 2nd period - Vincent Trocheck wins face-off versus Dylan Strome in Panthers zone.
12:46 of 2nd period - Vincent Trocheck is hit by John Klingberg.
13:04 of 2nd period - Vincent Trocheck is hit by Dylan Strome and loses puck.
13:28 of 2nd period - Tyson Barrie is hit by Mikko Rantanen and loses puck.
15:13 of 2nd period - Snap shot by Sam Lafferty.
15:13 of 2nd period - Stopped by Antti Raanta with a rebound.
15:15 of 2nd period - Slapshot by Matt Grzelcyk.
15:15 of 2nd period - Stopped by Antti Raanta without a rebound.
15:16 of 2nd period - Gabriel Landeskog wins face-off versus Ross Colton in Panthers zone.
16:27 of 2nd period - Slapshot by Tyson Barrie.
16:27 of 2nd period - Stopped by Tristan Jarry with a rebound.
16:29 of 2nd period - Slapshot by Jamie Oleksiak.
16:29 of 2nd period - Shot Blocked by Nick Bonino.
16:31 of 2nd period - Slapshot by Tyson Barrie.
16:31 of 2nd period - Shot Misses the Net.
16:33 of 2nd period - Snap shot by Ross Colton.
16:33 of 2nd period - Shot Misses the Net.
16:56 of 2nd period - Minor Penalty to Anthony Cirelli for Holding.
16:57 of 2nd period - Vincent Trocheck wins face-off versus Gabriel Landeskog in Panthers zone.
17:09 of 2nd period - Slapshot by Gabriel Landeskog.
17:09 of 2nd period - Shot Misses the Net.
17:11 of 2nd period - Snap shot by Mikko Rantanen.
17:11 of 2nd period - Deflect By Gabriel Landeskog.
17:11 of 2nd period - Shot Blocked by Michael Matheson.
17:11 of 2nd period - Puck is out of play.
17:12 of 2nd period - Vincent Trocheck wins face-off versus Gabriel Landeskog in Panthers zone.
17:12 of 2nd period - Vincent Trocheck is hit by Gabriel Landeskog.
17:33 of 2nd period - Tyson Barrie is hit by Brayden Schenn and loses puck.
18:56 of 2nd period - Penalty to Anthony Cirelli is over, Anthony Cirelli is back on ice.
19:27 of 2nd period - Slapshot by Ryan Strome.
19:27 of 2nd period - Shot Blocked by Michael Matheson.
19:29 of 2nd period - Snap shot by Ryan Strome.
19:29 of 2nd period - Shot Blocked by Anthony Cirelli.
19:43 of 2nd period - Anthony Cirelli is hit by Ryan Strome and loses puck.
Goals for this period are 1 for Panthers vs 3 for Stars.
Shots for this period are 8 for Panthers vs 18 for Stars.

3rd period


0:01 of 3rd period - Sidney Crosby wins face-off versus Gabriel Landeskog in neutral zone.
0:28 of 3rd period - Icing by Marcus Foligno.
0:29 of 3rd period - Dylan Strome wins face-off versus Ross Colton in Panthers zone.
0:30 of 3rd period - Snap shot by Cam Atkinson.
0:30 of 3rd period - Stopped by Antti Raanta with a rebound.
0:32 of 3rd period - Slapshot by Marc Staal.
0:32 of 3rd period - Deflect By Brayden Schenn.
0:32 of 3rd period - Shot Misses the Net.
0:32 of 3rd period - Puck is out of play.
0:33 of 3rd period - Ross Colton wins face-off versus Dylan Strome in Panthers zone.
0:33 of 3rd period - Ross Colton is hit by Marc Staal.
0:39 of 3rd period - Cam Atkinson is hit by Ross Colton and loses puck.
1:06 of 3rd period - Off-side.
1:07 of 3rd period - Sidney Crosby wins face-off versus Anders Lee in neutral zone.
1:20 of 3rd period - Slapshot by Gabriel Landeskog.
1:20 of 3rd period - Shot Blocked by Mats Zuccarello.
1:34 of 3rd period - Matt Grzelcyk is hit by Jamie Oleksiak and loses puck.
1:43 of 3rd period - Slapshot by Ross Colton.
1:43 of 3rd period - Shot Misses the Net.
1:45 of 3rd period - Wrist shot by Ross Colton.
1:45 of 3rd period - Deflect By Marcus Foligno.
1:45 of 3rd period - Shot Misses the Net.
1:45 of 3rd period - Puck is out of play.
1:46 of 3rd period - Gabriel Landeskog wins face-off versus Vincent Trocheck in Stars zone.
2:22 of 3rd period - Snap shot by Cam Atkinson.
2:22 of 3rd period - Stopped by Antti Raanta with a rebound.
2:28 of 3rd period - Brayden Schenn is hit by Taylor Hall and loses puck.
3:36 of 3rd period - Slapshot by Mats Zuccarello.
3:36 of 3rd period - Stopped by Tristan Jarry with a rebound.
4:02 of 3rd period - Snap shot by Brayden Schenn.
4:02 of 3rd period - Shot Blocked by Andrew Peeke.
4:04 of 3rd period - Snap shot by Cam Atkinson.
4:04 of 3rd period - Stopped by Antti Raanta without a rebound.
4:05 of 3rd period - Gabriel Landeskog wins face-off versus Ross Colton in Panthers zone.
4:06 of 3rd period - Wrist shot by Mikko Rantanen.
4:06 of 3rd period - Shot Misses the Net.
4:30 of 3rd period - Anders Lee is hit by Tyson Barrie and loses puck.
6:03 of 3rd period - Wrist shot by Jacob Peterson.
6:03 of 3rd period - Stopped by Antti Raanta with a rebound.
6:10 of 3rd period - Icing by Teuvo Teravainen.
6:11 of 3rd period - Jacob Peterson wins face-off versus Anthony Cirelli in Panthers zone.
6:12 of 3rd period - Snap shot by Nick Bonino.
6:12 of 3rd period - Stopped by Antti Raanta with a rebound.
6:18 of 3rd period - Vincent Trocheck is hit by Corey Perry.
6:28 of 3rd period - Tyson Barrie is hit by Mike Reilly and loses puck.
7:13 of 3rd period - Ryan Strome is hit by Vincent Trocheck.
7:49 of 3rd period - Taylor Hall is hit by Matt Grzelcyk and loses puck.
8:56 of 3rd period - Tyson Barrie is hit by Marc Staal and loses puck.
10:24 of 3rd period - Snap shot by Ryan Strome.
10:24 of 3rd period - Shot Blocked by Mats Zuccarello.
10:26 of 3rd period - Slapshot by John Klingberg.
10:26 of 3rd period - Shot Misses the Net.
10:28 of 3rd period - Slapshot by John Klingberg.
10:28 of 3rd period - Stopped by Antti Raanta without a rebound.
10:29 of 3rd period - Sam Lafferty wins face-off versus Marcus Foligno in Panthers zone.
10:32 of 3rd period - Slapshot by Nick Bonino.
10:32 of 3rd period - Stopped by Antti Raanta with a rebound.
10:44 of 3rd period - Marcus Foligno is hit by Sam Lafferty and loses puck.
10:55 of 3rd period - Mike Hoffman is hit by Dylan Strome and loses puck.
11:22 of 3rd period - Snap shot by Mike Hoffman.
11:22 of 3rd period - Stopped by Tristan Jarry without a rebound.
11:23 of 3rd period - Anthony Cirelli wins face-off versus Ryan Strome in Stars zone.
11:24 of 3rd period - Snap shot by Vincent Trocheck.
11:24 of 3rd period - Stopped by Tristan Jarry without a rebound.
11:25 of 3rd period - Ryan Strome wins face-off versus Vincent Trocheck in Stars zone.
11:46 of 3rd period - Snap shot by Corey Perry.
11:46 of 3rd period - Shot Misses the Net.
11:48 of 3rd period - Slapshot by Corey Perry.
11:48 of 3rd period - Stopped by Antti Raanta without a rebound.
11:49 of 3rd period - Sidney Crosby wins face-off versus Gabriel Landeskog in Panthers zone.
12:36 of 3rd period - Minor Penalty to Gabriel Landeskog for Slashing.
12:37 of 3rd period - Nick Bonino wins face-off versus Teuvo Teravainen in Stars zone.
13:36 of 3rd period - Jamie Oleksiak is hit by Patrik Nemeth and loses puck.
14:36 of 3rd period - Penalty to Gabriel Landeskog is over, Gabriel Landeskog is back on ice.
14:48 of 3rd period - Wrist shot by Mikko Rantanen.
14:48 of 3rd period - Shot Misses the Net.
14:55 of 3rd period - Minor Penalty to Marcus Foligno for Slashing.
14:56 of 3rd period - Sidney Crosby wins face-off versus Gabriel Landeskog in Panthers zone.
15:00 of 3rd period - Wrist shot by Teuvo Teravainen.
15:00 of 3rd period - Stopped by Tristan Jarry without a rebound.
15:01 of 3rd period - Sidney Crosby wins face-off versus Gabriel Landeskog in Stars zone.
15:14 of 3rd period - Slapshot by Gabriel Landeskog.
15:14 of 3rd period - Stopped by Antti Raanta without a rebound.
15:15 of 3rd period - Vincent Trocheck wins face-off versus Gabriel Landeskog in Panthers zone.
15:42 of 3rd period - Marc Staal is hit by Teuvo Teravainen and loses puck.
15:49 of 3rd period - Slapshot by Sidney Crosby.
15:49 of 3rd period - Stopped by Tristan Jarry with a rebound.
16:55 of 3rd period - Penalty to Marcus Foligno is over, Marcus Foligno is back on ice.
17:18 of 3rd period - Icing by Patrik Nemeth.
17:19 of 3rd period - Ryan Strome wins face-off versus Garnet Hathaway in Stars zone.
17:39 of 3rd period - Jonas Siegenthaler is hit by Ryan Strome and loses puck.
17:59 of 3rd period - Corey Perry is hit by Michael Matheson.
18:46 of 3rd period - Slapshot by Brayden Schenn.
18:46 of 3rd period - Stopped by Antti Raanta without a rebound.
18:47 of 3rd period - Martin St. Louis call a timeout for Stars.
18:47 of 3rd period - Dylan Strome wins face-off versus Marcus Foligno in Panthers zone.
19:02 of 3rd period - Snap shot by Mats Zuccarello.
19:02 of 3rd period - Stopped by Tristan Jarry with a rebound.
19:18 of 3rd period - Off-side.
19:19 of 3rd period - Vincent Trocheck wins face-off versus Ryan Strome in neutral zone.
Goals for this period are 0 for Panthers vs 0 for Stars.
Shots for this period are 6 for Panthers vs 10 for Stars.




Output by the SimonT Hockey Simulator (STHS) for Eric Tremblay - Original Page W3C HTML5 Valid
Hockey Simulator - Hockey Simulation - Hockey Manager